 Dungeon Crawl Stone Soup version 0.26.1-2-gb8aa6d0cf2 (webtiles) character file.

Game seed: 1511919859932709483

19 Revguard the Caller (level 2, -1/15 HPs)
             Began as a Deep Elf Summoner on Mar 5, 2021.
             Slain by Crazy Yiuf
             ... wielding a +3 quarterstaff of chaos
              (16 damage)
             ... on level 2 of the Dungeon.
             The game lasted 00:05:03 (1086 turns).

Revguard the Caller (Deep Elf Summoner)             Turns: 1086, Time: 00:05:03

Health: -1/15      AC:  2    Str:  5    XL:     2   Next: 55%
Magic:  1/8        EV: 13    Int: 19    God:
Gold:   33         SH:  0    Dex: 15    Spells: 5/8 levels left

rFire    . . .     SeeInvis .   (no weapon)
rCold    . . .     Faith    .   (no shield)
rNeg     . . .     Spirit   .   a - +0 robe
rPois    .         Reflect  .   (no helmet)
rElec    .         Harm     .   (no cloak)
rCorr    .         Rampage  .   (no gloves)
Will     .....                  (no boots)
Stlth    ++........             (no amulet)
HPRegen  0.05/turn              (no ring)
MPRegen  0.11/turn              (no ring)

@: no status effects
A: no striking features
a: no special abilities


You were on level 2 of the Dungeon.
You visited 1 branch of the dungeon, and saw 2 of its levels.

You collected 33 gold pieces.

Inventory:

Armour
 a - a +0 robe (worn)
Jewellery
 d - a cursed ring of teleportation {unknown}
 g - an uncursed ring of magical power {unknown}
Scrolls
 b - 2 scrolls of identify {unknown}
 e - a scroll of enchant weapon {unknown}
 f - a scroll of remove curse {unknown}
 h - a scroll of teleportation {unknown}
Potions
 c - 2 potions of curing {unknown}
 i - a potion of lignification {unknown}
 j - a potion of haste {unknown}


   Skills:
 + Level 2.4 Dodging
 + Level 2.4 Stealth
 + Level 3.6 Spellcasting
 + Level 4.9 Summonings


You had 5 spell levels left.
You knew the following spells:

 Your Spells              Type           Power        Failure   Level
a - Summon Small Mammal   Summ           88%          1%          1
b - Call Imp              Summ           22%          2%          2

Your spell library contained the following spells:

 Spells                   Type           Power        Failure   Level
 Call Canine Familiar     Summ           22%          5%          3
 Summon Guardian Golem    Hex/Summ       12%          16%         3
 Summon Ice Beast         Ice/Summ       12%          45%         4
 Summon Lightning Spire   Summ/Air       12%          45%         4


Dungeon Overview and Level Annotations

Branches:
Dungeon (1/15)

Altars:

Annotations:
D:2 Crazy Yiuf


Message History

Crazy Yiuf says, "I'm not crazy!"
Crazy Yiuf closely misses your crimson imp.
Your crimson imp misses Crazy Yiuf.
Your crimson imp blinks!
Your crimson imp blinks!
You swap places.
You see here a mace.
Something barely misses your crimson imp.
Something hits your crimson imp!
Your crimson imp hits Crazy Yiuf.
Crazy Yiuf hits your crimson imp with a +3 quarterstaff of chaos!
Your crimson imp dies!
Casting: Call Imp (safe; 2% risk of failure)
Confirm with . or Enter, or press ? or * to list all spells.
Your crimson imp blinks!
Your quokka closely misses Crazy Yiuf.
Your quokka bites Crazy Yiuf.
Crazy Yiuf hits you with a +3 quarterstaff of chaos!
Ouch! That really hurt!
You die...

..#... ......!.
........ .......
#.#...
.....#######
#.##.+P)#)### ###
#....g.5)#)g##)))#
#.†.@r.P####5')).#
#.#..+.## ###5))#
#....#### ###
#...## #... #.#.
..... ## #.


You could see Crazy Yiuf, a friendly crimson imp (summoned) and a friendly
quokka (summoned).

Vanquished Creatures (collateral kills)
  2 dart slugs (D:1)
  2 giant cockroaches (D:1)
  3 goblins (D:1)
  5 hobgoblins (D:1)
  A ball python (D:1)
  6 bats (D:1)
  4 kobolds
  3 rats (D:1)
26 creatures vanquished.

Vanquished Creatures (others)
  2 fungi (D:2)
2 creatures vanquished.

Grand Total: 28 creatures vanquished

Notes
Turn   | Place    | Note
-------+----------+-------------------------------------------
     0 | D:1      | Revguard the Deep Elf Summoner began the quest for the Orb.
     0 | D:1      | Reached XP level 1. HP: 10/10 MP: 6/6
   344 | D:1      | Reached XP level 2. HP: 15/15 MP: 0/8
   347 | D:1      | Learned a level 2 spell: Call Imp
  1048 | D:1      | You fall into a shaft and drop 1 floor!
  1064 | D:2      | Found a runed translucent door.
  1065 | D:2      | Noticed Crazy Yiuf
  1086 | D:2      | Slain by Crazy Yiuf

Illustrated notes

Levels and vault maps discovered:
D:1:      ncdulo_smallfort, layout_rooms, minmay_misc_feat_hallway,
          minmay_surrounded
D:2:      layout_basic, minmay_goblin_outpost, uniq_crazy_yiuf_cottage,
          uniq_jessica, uniq_natasha

Action                   || total
-------------------------++-------
Melee: Unarmed           ||    17
 Cast: Summon Small Mamm ||    28
       Call Imp          ||    17
Armor: Robe              ||    10
Dodge: Dodged            ||    15
